 Dungeon Crawl Stone Soup version 0.27-a0-1193-g8631133539 (webtiles) character file.

Game seed: 16715109622414750188

455 pkoi the Cleaver (level 6, -2/50 HPs)
             Began as a Minotaur Gladiator on May 25, 2021.
             Slain by a gnoll
             ... wielding a +0 flail
              (10 damage)
             ... on level 4 of the Dungeon.
             The game lasted 00:03:44 (4168 turns).

pkoi the Cleaver (Minotaur Gladiator)               Turns: 4168, Time: 00:03:44

Health: -2/50      AC:  3    Str: 21    XL:     6   Next: 76%
Magic:  5/5        EV: 12    Int:  5    God:
Gold:   104        SH:  0    Dex: 11    Spells: 5/5 levels left

rFire    . . .     SeeInvis .   a - +1 war axe
rCold    . . .     Faith    .   (no shield)
rNeg     . . .     Spirit   .   b - +0 leather armour
rPois    .         Reflect  .   c - +0 hat
rElec    .         Harm     .   (no cloak)
rCorr    .         Rampage  .   (no gloves)
Will     .....                  (no boots)
Stlth    +.........             (no amulet)
HPRegen  0.16/turn              (no ring)
MPRegen  0.09/turn              (no ring)

@: no status effects
A: horns 2, retaliatory headbutt
a: no special abilities


You were on level 4 of the Dungeon.
You visited 1 branch of the dungeon, and saw 4 of its levels.

You collected 104 gold pieces.

Inventory:

Hand Weapons
 a - a +1 war axe (weapon)
Missiles
 d - 2 throwing nets
 k - 10 poisoned darts (quivered)
Armour
 b - a +0 leather armour (worn)
 c - a +0 hat (worn)
Jewellery
 f - a +6 ring of strength
 l - an amulet of faith
 p - a +6 ring of strength
Scrolls
 g - 2 scrolls of blinking
 h - a scroll of identify
Potions
 i - 2 potions of curing {unknown}
 m - 3 potions of degeneration {unknown}
 o - 2 potions of mutation


   Skills:
 - Level 2.4 Fighting
 + Level 9.3 Axes
 - Level 2.0 Throwing
 - Level 3.2 Dodging


You had 5 spell levels left.
You didn't know any spells.
Your spell library was empty.

Dungeon Overview and Level Annotations

Branches:
Dungeon (4/15)
 Temple: D:4-7

Altars:
Fedhas

Annotations:
D:4 2 transporters, IdlyInterested's ghost, amateur DsAr


Innate Abilities, Weirdness & Mutations

You have a pair of horns on your head.
You reflexively headbutt those who attack you in melee.


Message History

You furiously retaliate!
You headbutt the gnoll!
You kill the gnoll!
There is an open door here.
You hit the necrophage.
The necrophage is moderately damaged.
The necrophage closely misses you. The gnoll closely misses you.
You barely miss the necrophage.
The necrophage is moderately damaged.
The necrophage barely misses you. You furiously retaliate!
You headbutt the necrophage.
The gnoll hits you from afar with a +0 halberd.
You hit the necrophage but do no damage.
The necrophage is moderately damaged.
The necrophage hits you.
You feel drained. The gnoll closely misses you. The necrophage hits you.
You feel drained.
You hit the necrophage.
The necrophage is moderately damaged.
You slash the orc!
You kill the orc!
The gnoll hits you from afar with a +0 halberd!
The necrophage hits you but does no damage.
You barely miss the necrophage.
The necrophage is moderately damaged.
The gnoll barely misses you. The necrophage barely misses you.
You furiously retaliate!
You headbutt the necrophage! You slash the necrophage!
You destroy the necrophage!
The gnoll barely misses you.
Your life force feels restored.
Your Axes skill increases to level 9!
You closely miss the gnoll. The gnoll hits you with a +0 flail.
The gnoll hits you from afar with a +0 halberd.
* * * LOW HITPOINT WARNING * * *
The gnoll barely misses you.
You hit the gnoll.
The gnoll is moderately wounded.
The gnoll hits you from afar with a +0 halberd!
* * * LOW HITPOINT WARNING * * *
The gnoll hits you with a +0 flail!
You die...

#.#.##.....#### #.##
..#.#.........####.#
#........(####......#
..#.......# ######.#
####...## #.#
#.#####..# #.#
#......g)# #.#
######g## #.##### #@#
#.....# #.).# #.###.#
#.....# ##.# #.#
#.......# ##..###.#
#.........####.....#.#
+.........+...........
#.........####...#.#.#
##.......## ##..#.#.#
#.......#


You could see 2 gnolls.

Vanquished Creatures
  An ogre (D:3)
  A necrophage (D:4)
  Terence (D:3)
  Natasha (thrice) (D:3)
  An orc wizard (D:3)
  5 adders
  A gnoll (D:4)
  2 worms
  3 dart slugs
  5 orcs
  3 endoplasms (D:2)
  3 giant cockroaches (D:1)
  7 hobgoblins
  11 jackals
  8 kobolds
  3 quokkas
  7 ball pythons
  5 bats
  4 frilled lizards
  9 goblins
  5 rats
88 creatures vanquished.

Vanquished Creatures (others)
  5 plants (D:4)
5 creatures vanquished.

Grand Total: 93 creatures vanquished

Notes
Turn   | Place    | Note
-------+----------+-------------------------------------------
     0 | D:1      | pkoi the Minotaur Gladiator began the quest for the Orb.
     0 | D:1      | Reached XP level 1. HP: 18/18 MP: 0/0
    36 | D:1      | Reached skill level 4 in Axes
   186 | D:1      | Reached XP level 2. HP: 21/25 MP: 1/1
   505 | D:1      | Reached skill level 5 in Axes
   508 | D:1      | Reached XP level 3. HP: 29/30 MP: 2/2
  1425 | D:2      | Found a faded altar of an unknown god.
  1745 | D:2      | Reached skill level 6 in Axes
  1745 | D:2      | Reached XP level 4. HP: 30/37 MP: 3/3
  2005 | D:2      | Found a blossoming altar of Fedhas.
  2601 | D:3      | Noticed Natasha
  2609 | D:3      | Killed Natasha
  2610 | D:3      | Reached XP level 5. HP: 23/42 MP: 4/4
  2762 | D:3      | Reached skill level 7 in Axes
  2977 | D:3      | Noticed an ogre
  2998 | D:3      | Killed an ogre
  3186 | D:3      | Reached skill level 8 in Axes
  3216 | D:3      | Reached XP level 6. HP: 27/50 MP: 5/5
  3379 | D:3      | Noticed Terence
  3386 | D:3      | Killed Terence
  3542 | D:3      | Noticed Natasha
  3544 | D:3      | Killed Natasha
  3917 | D:3      | Noticed Natasha
  3922 | D:3      | Killed Natasha
  4037 | D:4      | Found a transporter.
  4045 | D:4      | Found a transporter.
  4048 | D:4      | Noticed IdlyInterested's ghost (amateur DsAr)
  4167 | D:4      | Reached skill level 9 in Axes
  4168 | D:4      | Slain by a gnoll

Illustrated notes

Levels and vault maps discovered:
D:1:      mrwooster_arrival_statue, layout_basic
D:2:      mumra_celtic_spiral_tile, layout_loops_ring, basic_altar,
          hellmonk_ecumenical_altar_lost_god
D:3:      layout_loops_corners, uniq_natasha, uniq_terence
D:4:      layout_loops_corners, gammafunk_ghost_gnarly_gnolls, uniq_ijyb,
          uniq_edmund, uniq_grinder

Skill      XL: |  1  2  3  4  5  6 |
---------------+-------------------+-----
Axes           | 4 5 6 8 9 |  9.3
Fighting       | |  2.4
Throwing       | |  2.0
Dodging        | |  3.2

Action                   |  1- 3 |  4- 6 || total
-------------------------+-------+-------++-------
Melee: War axe           |    84 |    94 ||   178
       Headbutt          |    20 |    11 ||    31
Throw: Dart              |       |     5 ||     5
       Throwing net      |       |     3 ||     3
  Use: Scroll            |       |     5 ||     5
Armor: Leather armour    |    17 |    19 ||    36
Dodge: Dodged            |    62 |    65 ||   127

Table legend: (Time is in decaauts)
 A = Elapsed time spent in this place.
 B = Non-inter-level travel time spent in this place.
 C = Inter-level travel time spent in this place.
 D = Time resting spent in this place.
 E = Time spent auto-exploring this place.
 F = Levels seen in this place.
 G = Mean time per level.
                   A        B        C        D        E       F      G
               +--------+--------+--------+--------+--------+-----+--------+
         Total |   4204 |   4117 |     87 |    738 |   2847 |   4 | 1051.0 |
       Dungeon |   4204 |   4117 |     87 |    738 |   2847 |   4 | 1051.0 |
               +--------+--------+--------+--------+--------+-----+--------+

Top non-repeatable levels by time:
     D:3: 1410 daAuts
     D:1: 1318 daAuts
     D:2: 1237 daAuts
     D:4: 238 daAuts
